 Dungeon Crawl Stone Soup version 0.29-a0-275-g389c0b56f3 (webtiles) character file.

Game seed: 14925142529410875593

25 Leszczynek the Chopper (level 3, -1/27 HPs)
             Began as a Human Gladiator on Mar 11, 2022.
             Slain by an iguana (9 damage)
             ... on level 4 of the Dungeon.
             The game lasted 00:02:40 (501 turns).

Leszczynek the Chopper (Human Gladiator)             Turns: 501, Time: 00:02:41

Health: -1/27      AC:  7    Str: 16    XL:     3   Next: 17%
Magic:  3/3        EV: 10    Int:  8    God:
Gold:   28         SH:  0    Dex: 14    Spells: 2/2 levels left

rFire   . . .      SeeInvis .   a - +0 war axe
rCold   . . .      Faith    .   (no shield)
rNeg    . . .      Spirit   .   g - +0 scale mail
rPois   .          Reflect  .   c - +0 helmet
rElec   .          Harm     .   (no cloak)
rCorr   .          Rampage  .   (no gloves)
Will    .....                   (no boots)
Stlth   ..........              (no amulet)
HPRegen 0.09/turn               (no ring)
MPRegen 0.08/turn               (no ring)

@: no status effects
A: no striking features
a: no special abilities


You were on level 4 of the Dungeon.
You visited 1 branch of the dungeon, and saw 4 of its levels.

You collected 28 gold pieces.

Inventory:

Hand Weapons
 a - a +0 war axe (weapon)
Missiles
 d - 2 throwing nets (quivered)
 e - a javelin
Armour
 b - a +0 leather armour
 c - a +0 helmet (worn)
 g - a +0 scale mail (worn)
Wands
 k - a wand of paralysis (7)
Scrolls
 f - a scroll of vulnerability {unknown}
 h - a scroll of identify {unknown}
 j - a scroll of teleportation {unknown}
Potions
 i - a potion of might {unknown}
 l - a potion of resistance {unknown}


   Skills:
 - Level 2.0 Fighting
 + Level 4.1 Axes
 - Level 2.0 Throwing
 - Level 3.0 Dodging


You had 2 spell levels left.
You didn't know any spells.
Your spell library was empty.

Dungeon Overview and Level Annotations

Branches:
Dungeon (4/15)
 Temple: D:4-7

Altars:

Shops:
D:1 (


Message History

The iguana hisses angrily.
Found a ring mail, 5 gold pieces, a robe and a leather armour.
Found an escape hatch in the ceiling.
There is a stone staircase leading up here.
Unknown command.
You hit the iguana.
The iguana is moderately wounded.
The iguana barely misses you.
You hit the iguana but do no damage.
The iguana is moderately wounded.
The iguana bites you but does no damage.
The iguana bites you.
You barely miss the iguana.
The iguana is moderately wounded.
The iguana barely misses you.
You barely miss the iguana.
The iguana is moderately wounded.
The iguana bites you!
You hit the iguana but do no damage.
The iguana is moderately wounded.
The iguana barely misses you.
You closely miss the iguana.
The iguana is moderately wounded.
The iguana bites you. The iguana completely misses you.
You barely miss the iguana.
The iguana is moderately wounded.
The iguana bites you.
You completely miss the iguana.
The iguana is moderately wounded.
The iguana barely misses you.
You barely miss the iguana.
The iguana is moderately wounded.
The iguana bites you. x2
You closely miss the iguana.
The iguana is moderately wounded.
The iguana barely misses you.
You hit the iguana but do no damage.
The iguana is moderately wounded.
The iguana bites you!
You die...

##### #[....
......
[.....##### ##
..........#..#
.............##
#....<@.....#
#....l....#...
#.........#
+...<...[$#
#.........#
#.........#
#.........#
#.........#


You could see an iguana.

Vanquished Creatures
  An adder (D:2)
  A worm (D:2)
  3 giant cockroaches
  2 goblins (D:2)
  2 hobgoblins
  A kobold (D:2)
  A frilled lizard (D:2)
  A rat (D:1)
12 creatures vanquished.

Notes
Turn   | Place    | Note
-------+----------+-------------------------------------------
     0 | D:1      | Leszczynek the Human Gladiator began the quest for the Orb.
     0 | D:1      | Reached XP level 1. HP: 16/16 MP: 1/1
    43 | D:1      | Found Dizimiq's Antique Weapon Shop.
   167 | D:2      | Reached XP level 2. HP: 18/22 MP: 2/2
   250 | D:2      | Found a faded altar of an unknown god.
   279 | D:2      | Reached skill level 4 in Axes
   279 | D:2      | Reached XP level 3. HP: 27/27 MP: 3/3
   501 | D:4      | Slain by an iguana

Illustrated notes

Levels and vault maps discovered:
D:1:      amcnicky_arrival_single_pillar, layout_loops_ring, serial_shops, shop,
          shop, nicolae_shop_hallway_stairs, shop, minmay_pentomino_r4
D:2:      layout_loops_cross, dreamdust_ecumenical_altar_grove, basic_altar
D:3:      layout_loops_ring
D:4:      layout_basic, fedhas_ov_isle_minmay, minmay_temple_entry_tees,
          minmay_close_crescents

Skill      XL: |  1  2 |
---------------+-------+-----
Axes           | 4 |  4.1
Fighting       | |  2.0
Throwing       | |  2.0
Dodging        | |  3.0

Action                   || total
-------------------------++-------
Melee: War axe           ||    43
Throw: Throwing net      ||     2
Armor: Leather armour    ||     4
       Scale mail        ||    11
Dodge: Dodged            ||    18

Table legend: (Time is in decaauts)
 A = Elapsed time spent in this place.
 B = Non-inter-level travel time spent in this place.
 C = Inter-level travel time spent in this place.
 D = Time resting spent in this place.
 E = Time spent auto-exploring this place.
 F = Levels seen in this place.
 G = Mean time per level.
                   A        B        C        D        E       F      G
               +--------+--------+--------+--------+--------+-----+--------+
         Total |    516 |    507 |      9 |      0 |      0 |   4 |  129.0 |
       Dungeon |    516 |    507 |      9 |      0 |      0 |   4 |  129.0 |
               +--------+--------+--------+--------+--------+-----+--------+

Top non-repeatable levels by time:
     D:2: 296 daAuts
     D:1: 111 daAuts
     D:4: 69 daAuts
     D:3: 38 daAuts
